 Dungeon Crawl Stone Soup version 0.30-a0-222-ge547ba4400 (webtiles) character file.

Game seed: 2118249716883622307

281 KennySheep the Covered (level 6, -1/55 HPs)
             Began as an Armataur Fighter on Oct 8, 2022.
             Was a Follower of Nemelex Xobeh.
             Slain by a +1 glaive of flaming (12 damage)
             ... created by the rancor of the Wu Jian Council
             ... on level 4 of the Dungeon.
             The game lasted 00:11:46 (3236 turns).

KennySheep the Covered (Armataur Fighter)           Turns: 3236, Time: 00:11:47

Health: -1/55      AC: 11    Str: 24    XL:     6   Next: 6%
Magic:  7/7        EV:  7    Int:  8    God:    Nemelex Xobeh [*.....]
Gold:   1317       SH:  9    Dex:  9    Spells: 5/5 levels left

rFire   . . .      SeeInvis .    a - +0 flail
rCold   . . .      Faith    .    c - +0 buckler
rNeg    . . .      Spirit   .    b - +0 scale mail
rPois   .          Reflect  +    g - +0 helmet
rElec   .          Harm     .    n - +2 cloak
rCorr   .          Roll     +    (no gloves)
Will    .....                    (no barding)
Stlth   ..........               i - amulet of reflection
HPRegen 0.29/turn                (no ring)
MPRegen 0.10/turn                (no ring)

@: mighty
A: large, rugged brown scales 3, deformed body, armoured tail, roll, long
tongue, awkward tongue
a: Renounce Religion, Draw Escape, Draw Destruction, Draw Summoning


You were on level 4 of the Dungeon.
You worshipped Nemelex Xobeh.
Nemelex Xobeh was aware of your devotion.
You visited 1 branch of the dungeon, and saw 4 of its levels.

You collected 1317 gold pieces.

Inventory:

Hand Weapons
 a - a +0 flail (weapon)
Armour
 b - a +0 scale mail (worn)
 c - a +0 buckler (worn)
 g - a +0 helmet (worn)
 n - a +2 cloak (worn)
Jewellery
 i - an amulet of reflection (around neck)
 r - a ring of ice
Scrolls
 f - a scroll of magic mapping {unknown}
 j - a scroll of identify
 k - a scroll of poison
 m - 2 scrolls of butterflies
 o - a scroll of blinking
 q - a scroll of enchant weapon
Potions
 e - a potion of lignification
 h - a potion of cancellation
 l - 2 potions of curing
 p - a potion of flight {unknown}
 s - 2 potions of haste {unknown}


   Skills:
 + Level 3.7 Fighting
 + Level 3.0 Maces & Flails
 + Level 5.0 Armour
 + Level 4.5 Shields
 + Level 2.0 Invocations


You had 5 spell levels left.
You didn't know any spells.
Your spell library contained the following spells:

 Spells                   Type           Power      Damage    Failure   Level
 Apportation              Tloc           0%         N/A       77%         1
 Necrotise                Necr           0%         1d4       77%         1
 Summon Small Mammal      Summ           0%         N/A       77%         1
 Cigotuvi's Dreadful Rot  Necr/Pois/Air  0%         N/A       88%         2
 Poisonous Vapours        Pois/Air       0%         N/A       88%         2
 Mephitic Cloud           Conj/Pois/Air  0%         N/A       98%         3


Dungeon Overview and Level Annotations

Branches:
Dungeon (4/15)
 Temple: D:4-7

Altars:
Nemelex Xobeh
Trog
Wu Jian
Xom
Zin

Annotations:
D:3 1 runed translucent door, osoart's ghost, amateur MfHu


Innate Abilities, Weirdness & Mutations

You are completely covered in rugged brown scales. (AC +3, +7% HP)
Armour fits poorly on your strangely shaped body.
You have a long armoured tail.
You roll when moving toward enemies. (Rampage)
Your long tongue fully drains potion bottles. (2x potion effects)
Your tongue gives you trouble enunciating. (1.5x scroll delay)


Message History

The +3 glaive of speed hits you!
The +1 glaive of flaming hits you from afar!
The +1 glaive of flaming burns you.
The barbs in your skin will harm you if you move.
Continue?
Found 8 gold pieces.
The barbed spikes dig painfully into your body as you move.
You block the +3 glaive of speed's attack.
Items here: ))) [ ††.
You barely miss the +4 quarterstaff of speed.
You carefully extract the barbed spikes from your body.
The +3 glaive of speed barely misses you.
The +4 quarterstaff of speed completely misses you.
The +4 quarterstaff of speed hits you but does no damage.
The +3 glaive of speed hits you from afar!
* * * LOW HITPOINT WARNING * * *
You sock the +4 quarterstaff of speed!
You destroy the +4 quarterstaff of speed!
That felt strangely unrewarding.
The +3 glaive of speed completely misses you.
You barely miss the +3 glaive of speed.
The +3 glaive of speed barely misses you.
You completely miss the +3 glaive of speed.
You tail-slap the +3 glaive of speed.
The +3 glaive of speed is moderately damaged.
The +3 glaive of speed hits you.
* * * LOW HITPOINT WARNING * * *
The +1 glaive of flaming hits you but does no damage.
The +3 glaive of speed hits you.
* * * LOW HITPOINT WARNING * * *
You bludgeon the +3 glaive of speed!!
You destroy the +3 glaive of speed!
That felt strangely unrewarding.
The +1 glaive of flaming hits you but does no damage.
Things that are here:
a +0 dagger; a +0 leather armour You thump the +1 glaive of flaming!
The +1 glaive of flaming is almost destroyed.
The +1 glaive of flaming hits you!
You die...
Your body disappears without a glow.

##.## ##.................#
####.#.####...÷.####...###.<.#
....###...'........#.8.# #...#
####.#.####.......?#...# #####
##.## ##.......##### #.#
##.....## #.# ##.^.## #.#
######'### ... .......(@.# #.#
#.......#.# #.# #..####.#)#
#.. ..........# .##.....#
#.....# ........ #####.### #.


You could see a +1 glaive of flaming.

Vanquished Creatures
  3 dancing weapons (D:4)
  A scorpion (D:4)
  A jelly (D:4)
  2 orc priests (D:4)
  5 adders
  A worm (D:3)
  4 dart slugs
  6 orcs
  5 ball pythons
  7 endoplasms
  4 giant cockroaches
  7 goblins
  2 hobgoblins
  2 jackals (D:1)
  13 kobolds
  2 quokkas
  3 bats (D:1)
  8 frilled lizards
  6 rats
82 creatures vanquished.

Notes
Turn   | Place    | Note
-------+----------+-------------------------------------------
     0 | D:1      | KennySheep the Armataur Fighter began the quest for the
                  | Orb.
     0 | D:1      | Reached XP level 1. HP: 19/19 MP: 1/1
    94 | D:1      | Reached XP level 2. HP: 25/26 MP: 2/2
   640 | D:1      | Found a faded altar of an unknown god.
   649 | D:1      | Reached skill level 4 in Armour
   654 | D:1      | Prayed at the altar of an unknown god.
   654 | D:1      | Became a worshipper of the Wu Jian Council
   654 | D:1      | Reached * piety under Wu Jian
   823 | D:2      | Reached XP level 3. HP: 32/33 MP: 3/3
   962 | D:2      | Found a sparkling altar of Nemelex Xobeh.
   999 | D:2      | Fell from the grace of Wu Jian
   999 | D:2      | Became a worshipper of Nemelex Xobeh the Trickster
  1607 | D:3      | Reached XP level 4. HP: 23/40 MP: 4/4
  1608 | D:3      | Identified a scroll of acquirement
  1641 | D:3      | Noticed osoart's ghost (amateur MfHu)
  1644 | D:3      | Acquired 1111 gold pieces
  1698 | D:3      | Found a shimmering altar of Xom.
  1699 | D:3      | Found an ornate altar of the Wu Jian Council.
  1699 | D:3      | Found a glowing silver altar of Zin.
  1879 | D:3      | Reached skill level 1 in Invocations
  1916 | D:3      | Found a bloodstained altar of Trog.
  1990 | D:3      | Found a runed translucent door.
  2194 | D:3      | Reached * piety under Nemelex Xobeh
  2388 | D:4      | Noticed a scorpion
  2399 | D:4      | Killed a scorpion
  2400 | D:4      | Reached XP level 5. HP: 48/48 MP: 4/6
  2592 | D:4      | Received a gift from Nemelex Xobeh
  3223 | D:4      | Reached skill level 5 in Armour
  3223 | D:4      | Reached XP level 6. HP: 55/55 MP: 7/7
  3224 | D:4      | Noticed a +4 vorpal rapier
  3224 | D:4      | Noticed a +1 glaive of flaming
  3224 | D:4      | Noticed a +4 quarterstaff of speed
  3224 | D:4      | Noticed a +3 glaive of speed
  3227 | D:4      | Killed a +4 vorpal rapier
  3230 | D:4      | Killed a +4 quarterstaff of speed
  3234 | D:4      | Killed a +3 glaive of speed
  3236 | D:4      | Slain by a +1 glaive of flaming

Illustrated notes

Levels and vault maps discovered:
D:1:      matt_arrival_spirals, layout_basic,
          hellmonk_ecumenical_altar_dog_temple, minmay_hexomino_p4
D:2:      layout_basic, basic_altar, minmay_split_cup_large
D:3:      layout_loops_cross, nicolae_overflow_quartered_altars,
          hellmonk_ghost_happy_afterlife, minmay_misc_feat_room, st_stairs_14
D:4:      layout_loops_corners, corexii_corridor_pit,
          nicolae_elevator_lobby_asterisk

Skill      XL: |  1  2  3  4  5 |
---------------+----------------+-----
Maces & Flails | 2 3 |  3.0
Armour         | 4 5 |  5.0
Fighting       | 3 |  3.7
Shields        | 4 |  4.5
Invocations    | 1 2 |  2.0

Action                   |  1- 3 |  4- 6 || total
-------------------------+-------+-------++-------
Melee: Flail             |   149 |   119 ||   268
       Tailslap          |    11 |    10 ||    21
  Use: Potion            |     2 |     4 ||     6
       Scroll            |       |     8 ||     8
Armor: Scale mail        |    96 |    37 ||   133
       Skin              |       |    10 ||    10
Dodge: Dodged            |    47 |    26 ||    73
Block: Buckler           |    61 |    54 ||   115
       Reflection        |       |     2 ||     2

Table legend: (Time is in decaauts)
 A = Elapsed time spent in this place.
 B = Non-inter-level travel time spent in this place.
 C = Inter-level travel time spent in this place.
 D = Time resting spent in this place.
 E = Time spent auto-exploring this place.
 F = Levels seen in this place.
 G = Mean time per level.
                   A        B        C        D        E       F      G
               +--------+--------+--------+--------+--------+-----+--------+
         Total |   3323 |   3254 |     69 |    237 |   2373 |   4 |  830.8 |
       Dungeon |   3323 |   3254 |     69 |    237 |   2373 |   4 |  830.8 |
               +--------+--------+--------+--------+--------+-----+--------+

Top non-repeatable levels by time:
     D:4: 872 daAuts
     D:3: 827 daAuts
     D:1: 822 daAuts
     D:2: 801 daAuts
